 Dungeon Crawl Stone Soup version 0.21-a0-525-ga34b322 (webtiles) character file.

48 Amnesiac the Vexing (level 3, -1/27 HPs)
             Began as a Mummy Arcane Marksman on Dec 7, 2017.
             Slain by an adder (3 damage)
             ... on level 3 of the Dungeon.
             The game lasted 00:03:15 (1192 turns).

Amnesiac the Vexing (Mummy Arcane Marksman)         Turns: 1192, Time: 00:03:15

Health: -1/27      AC:  5    Str: 14    XL:     3   Next: 50%
Magic:  5/5        EV: 11    Int: 12    God:
Gold:   128        SH:  0    Dex: 12    Spells: 4/5 levels left

rFire    x . .     SeeInvis .   a - +0 shortbow
rCold    + . .     Gourm    .   (shield currently unavailable)
rNeg     + + +     Faith    .   f - +0 ring mail
rPois    ∞         Spirit   .   (no helmet)
rElec    .         Reflect  .   (no cloak)
rCorr    .         Harm     .   (no gloves)
MR       .....                  (no boots)
Stlth    +.........             (no amulet)
HPRegen  0.09/turn              (no ring)
MPRegen  0.09/turn              (no ring)

@: no status effects
A: no food or potions, fire vulnerability, cold resistance 1, negative energy
resistance 3, torment resistance, unbreathing
a: no special abilities


You were on level 3 of the Dungeon.
You were not hungry.

You visited 1 branch of the dungeon, and saw 3 of its levels.

You collected 128 gold pieces.

Inventory:

Hand Weapons
 a - a +0 shortbow (weapon)
 b - a +0 short sword
Missiles
 d - an arrow (quivered)
 j - 3 needles of confusion
Armour
 f - a +0 ring mail (worn)
Scrolls
 e - a scroll of immolation {!r, unknown}
 g - a scroll of magic mapping {!r, unknown}
 h - a scroll of remove curse {!r, unknown}
 i - a scroll of identify {!r, unknown}
Books
 c - a book of Debilitation

   Spells                             Type                      Level
   a - Corona                         Hexes                        1
   b - Slow                           Hexes                        2
   c - Inner Flame                    Hexes/Fire                   3
   d - Portal Projectile              Hexes/Translocation          3
   e - Cause Fear                     Hexes                        4
   f - Leda's Liquefaction            Hexes/Earth                  4


   Skills:
 - Level 2.0 Fighting
 * Level 1.9 Bows
 - Level 1.5 Armour
 - Level 1.5 Dodging
 + Level 1.7 Spellcasting
 + Level 2.8 Hexes


You had 4 spell levels left.
You knew the following spells:

 Your Spells              Type           Power        Failure   Level  Hunger
a - Corona                Hex            #......      19%         1    N/A

Dungeon Overview and Level Annotations

Branches:
Dungeon (3/15)

Altars:
Ashenzari


Innate Abilities, Weirdness & Mutations

You do not eat or drink.
Your flesh is vulnerable to fire.
You are immune to poison.
Your flesh is cold resistant. (rC+)
You are immune to negative energy. (rN+++)
You are immune to unholy pain and torment.
You can survive without breathing.


Message History

You hit the adder.
The adder is lightly wounded.
The adder bites you.
* * * LOW HITPOINT WARNING * * *
The adder bites you but does no damage.
You can't drink.
a - a +0 shortbow (weapon)
The adder misses you.
Firing (i - inventory):
d - 11 arrows (quivered)
Press: ? - help, Shift-Dir - straight line, f - adder
Aim: an adder (lightly wounded)
You shoot an arrow. The arrow closely misses the adder.
The adder bites you but does no damage.
Firing (i - inventory):
d - 10 arrows (quivered)
Press: ? - help, Shift-Dir - straight line, f/p - adder
Aim: an adder (lightly wounded)
You shoot an arrow. The arrow closely misses the adder.
The adder closely misses you. The adder barely misses you.
Firing (i - inventory):
d - 9 arrows (quivered)
Press: ? - help, Shift-Dir - straight line, f/p - adder
Aim: an adder (lightly wounded)
You shoot an arrow. The arrow closely misses the adder.
The adder bites you but does no damage.
Firing (i - inventory):
d - 8 arrows (quivered)
Press: ? - help, Shift-Dir - straight line, f/p - adder
Aim: an adder (lightly wounded)
You shoot an arrow. The arrow barely misses the adder.
The adder misses you. The adder bites you.
* * * LOW HITPOINT WARNING * * *
Firing (i - inventory):
d - 7 arrows (quivered)
Press: ? - help, Shift-Dir - straight line, f/p - adder
Aim: an adder (lightly wounded)
You shoot an arrow. The arrow misses the adder.
The adder bites you but does no damage.
Firing (i - inventory):
d - 6 arrows (quivered)
Press: ? - help, Shift-Dir - straight line, f/p - adder
Aim: an adder (lightly wounded)
You shoot an arrow.
The arrow hits the adder but does no damage.
The adder is lightly wounded.
The adder closely misses you. The adder barely misses you.
Firing (i - inventory):
d - 5 arrows (quivered)
Press: ? - help, Shift-Dir - straight line, f/p - adder
Aim: an adder (lightly wounded)
You shoot an arrow. The arrow misses the adder.
The adder bites you but does no damage.
Firing (i - inventory):
d - 4 arrows (quivered)
Press: ? - help, Shift-Dir - straight line, f/p - adder
Aim: an adder (lightly wounded)
You shoot an arrow. The arrow hits the adder.
The adder is heavily wounded.
The adder bites you but does no damage. The adder closely misses you.
Firing (i - inventory):
d - 3 arrows (quivered)
Press: ? - help, Shift-Dir - straight line, f/p - adder
Aim: an adder (heavily wounded)
You shoot an arrow. The arrow closely misses the adder.
The adder misses you. The adder bites you but does no damage.
Firing (i - inventory):
d - 2 arrows (quivered)
Press: ? - help, Shift-Dir - straight line, f/p - adder
Aim: an adder (moderately wounded)
You shoot an arrow. The arrow hits the adder.
The adder is heavily wounded.
The adder bites you.
You die...

### #####..
..##.# # #.##.#
#.##.##.###.#
#......@....#
####.##S#####
#.##.#
#.######.##.###
#..........(....
######.#######.#
#.# #.# #.#


You could see an adder.

Vanquished Creatures
  An ooze (D:1)
  2 leopard geckos (D:2)
  6 bats
  4 giant cockroaches
  7 hobgoblins
  3 jackals (D:1)
  A quokka (D:3)
  4 frilled lizards (D:1)
  5 goblins
  2 kobolds (D:1)
  3 rats
38 creatures vanquished.

Notes
Turn   | Place    | Note
-------+----------+-------------------------------------------
     0 | D:1      | Amnesiac the Mummy Arcane Marksman began the quest for the Orb.
     0 | D:1      | Reached XP level 1. HP: 15/15 MP: 2/2
    90 | D:1      | Reached skill level 1 in Armour
   116 | D:1      | Reached XP level 2. HP: 21/21 MP: 4/4
   146 | D:1      | Found a shattered altar of Ashenzari.
   506 | D:1      | Reached XP level 3. HP: 18/27 MP: 5/5
  1186 | D:3      | HP: 1/27 [adder (2)]
  1192 | D:3      | Slain by an adder

Vault maps used:
D:1:      co_arrival_random_square_maze, ashenzari_altar_1
D:2:      kb_forest_paths, marbit_many_paths, serial_curves, eino_curves_03,
          eino_curves_04
D:3:      nicolae_dithmenos_through_a_glass_darkly, gup_sewer_entry_pipe,
          corexii_hall_statues_deadend

Skill      XL: |  1  2 |
---------------+-------+-----
Armour         | 1 |  1.5
Fighting       | 2 |  2.0
Bows           | |  1.9
Dodging        | |  1.5
Spellcasting   | |  1.7
Hexes          | |  2.8

Action                   || total
-------------------------++-------
Melee: Short sword       ||   135
 Fire: Shortbow          ||    61
Armor: Robe              ||     3
       Ring mail         ||    75
Dodge: Dodged            ||   116

Table legend:
 A = Spawn XP
 B = Non-spawn XP
 C = Spawn XP percentage of total XP
 D = Spawn monster count
 E = Non-spawn monster count
 F = Spawn count percentage of total count
 G = Total turns spent on level
                    A         B        C        D         E        F      G
               +---------+---------+-------+---------+---------+-------+---------
         Total |       0 |      69 |   0.0 |       0 |      38 |   0.0 |  1192
               +---------+---------+-------+---------+---------+-------+---------
           D:1 |       0 |      48 |   0.0 |       0 |      27 |   0.0 |   736
           D:2 |       0 |      12 |   0.0 |       0 |       6 |   0.0 |   272
           D:3 |       0 |       9 |   0.0 |       0 |       5 |   0.0 |   184
               +---------+---------+-------+---------+---------+-------+---------
